 Dungeon Crawl Stone Soup version bcrawl-1.19.1 (webtiles) character file.

Game seed: 13460260986484654874

47 Freyura the Shield-Bearer (level 3, 0/23 HPs)
             Began as a Skeleton Fighter on Nov 26, 2019.
             Slain by a worm (5 damage)
             ... on level 2 of the Dungeon.
             The game lasted 00:02:43 (1148 turns).

Freyura the Shield-Bearer (Skeleton Fighter)        Turns: 1148, Time: 00:02:44

Health: 0/23       AC:  6    Str: 21 (22) XL:     3   Next: 48%
Magic:  0/3        EV:  8    Int:  6      God:
Gold:   80         SH: 11    Dex:  9      Spells: 2/2 levels left

rFire    . . .     SeeInvis .   a - +0 war axe
rCold    + . .     Gourm    .   g - +2 shield
rNeg     + + +     Faith    .   b - +0 scale mail
rPois    ∞         Spirit   +   (no helmet)
rElec    .         Reflect  .   (no cloak)
rCorr    .         Harm     .   (no gloves)
MR       .....                  (no boots)
Stlth    ..........             (no amulet)
HPRegen  0.07/turn              (no ring)
MPRegen  0.08/turn              (no ring)

@: no status effects
A: no food or potions, cold resistance 1, deterioration 1, negative energy
resistance 3, torment resistance, unbreathing, magic shield, sturdy frame 1,
spell healing
a: no special abilities


You were on level 2 of the Dungeon.
You were not hungry.

You visited 1 branch of the dungeon, and saw 2 of its levels.

You collected 80 gold pieces.

Inventory:

Hand Weapons
 a - a +0 war axe (weapon)
Armour
 b - a +0 scale mail (worn)
 g - a +2 shield (worn)
Scrolls
 d - 3 scrolls of identify {unknown}
 e - 2 scrolls of magic mapping {unknown}
 f - a scroll of noise {unknown}


   Skills:
 + Level 3.3 Fighting
 * Level 3.1 Axes
 + Level 3.6 Armour
 + Level 0.7 Dodging
 + Level 4.2 Shields


You had 2 spell levels left.
You didn't know any spells.
Your spell library was empty.

Dungeon Overview and Level Annotations

Branches:
Dungeon (2/12)

Altars:
The Shining One


Innate Abilities, Weirdness & Mutations

You do not eat or drink.
You are immune to poison.
Your flesh is cold resistant. (rC+)
Your body sometimes deteriorates upon taking damage.
You are immune to negative energy. (rN+++)
You are immune to unholy pain and torment.
You can survive without breathing.
When hurt, damage is shared between your health and your magic reserves.
Your movements are slightly less encumbered by armour. (ER -2)
Casting spells heals you.


Message History

You are too injured to fight recklessly!
You are too injured to fight recklessly!
You are too injured to fight recklessly!
You are too injured to fight recklessly!
You are too injured to fight recklessly!
You are too injured to fight recklessly!
You barely miss the hobgoblin.
The hobgoblin is almost dead.
You miss the goblin. You slash the worm! You block the hobgoblin's attack.
You block the goblin's attack. The dart slug launches a dart at you.
The slug dart misses you. The hobgoblin hits you.
* * * LOW HITPOINT WARNING * * *
The goblin closely misses you.
You closely miss the hobgoblin.
The hobgoblin is severely wounded.
You closely miss the goblin.
Your shield and scale mail prevent you from hitting the worm.
The worm bites you.
You die...

#.## #...#.#
####.#.#.. ### #...#.#
#.#.#.. #...#.#
#.#.#..
...#.########.#.#.. #
#.#......^.......> ##.
#.#............#.###
....#.###.##########.#
##.#..w[g.# #.#
......g@#.#
...............
.#....#.#.#####
....#.#.#!.. .#w #
#.#..## .. #.#..# .
#(#..# #.#


You could see a worm, a dart slug, a hobgoblin and a goblin.

Vanquished Creatures
  A dart slug (D:2)
  2 leopard geckos
  3 bats
  A giant cockroach (D:1)
  7 goblins
  8 hobgoblins
  8 kobolds
  A ball python (D:1)
  5 frilled lizards (D:1)
  5 rats
41 creatures vanquished.

Notes
Turn   | Place    | Note
-------+----------+-------------------------------------------
     0 | D:1      | Freyura the Skeleton Fighter began the quest for the Orb.
     0 | D:1      | Reached XP level 1. HP: 14/14 MP: 1/1
    15 | D:1      | Reached XP level 2. HP: 15/19 MP: 0/2
    93 | D:1      | Reached skill level 4 in Shields
   539 | D:1      | Reached XP level 3. HP: 23/23 MP: 3/3
   913 | D:2      | Found a glowing golden altar of the Shining One.
  1148 | D:2      | Slain by a worm

Skill      XL: |  1  2  3 |
---------------+----------+-----
Shields        | 4 |  4.2
Axes           | 3 |  3.1
Fighting       | |  3.3
Armour         | |  3.6
Dodging        | |  0.7

Action                   || total
-------------------------++-------
Melee: War axe           ||   131
Armor: Scale mail        ||    62
Dodge: Dodged            ||    59
Block: Shield            ||    96
